 Dungeon Crawl Stone Soup version 0.28.0 (webtiles) character file.

Game seed: 10779825678984324469

16865 Dani the Cleaver (level 12, -7/106 HPs)
             Began as a Hill Orc Delver on Feb 6, 2022.
             Was a High Priest of Okawaru.
             Mangled by a sun demon (11 damage)
             ... in a volcano.
             The game lasted 00:38:55 (14162 turns).

Dani the Cleaver (Hill Orc Delver)                 Turns: 14162, Time: 00:38:56

Health: -7/106     AC: 15    Str: 20    XL:     12   Next: 42%
Magic:  10/15      EV: 20    Int: 10    God:    Okawaru [*****.]
Gold:   1219       SH:  0    Dex: 12    Spells: 11/11 levels left

rFire   . . .      SeeInvis +   h - +13 scythe of Curses {drain, Drain}
rCold   . . .      Faith    +   (shield currently unavailable)
rNeg    . . .      Spirit   .   J - +4 ring mail of Life {Fly SInv}
rPois   .          Reflect  .   (no helmet)
rElec   .          Harm     .   n - +0 cloak
rCorr   .          Rampage  .   (no gloves)
Will    .....                   K - +0 pair of boots
Stlth   +++.......              m - amulet of faith
HPRegen 0.27/turn               z - +4 ring of evasion
MPRegen 0.14/turn               s - ring of see invisible

@: heroic, finesse-ful, flying, studying Dodging
A: no striking features
a: Renounce Religion, Heroism, Finesse, Duel


You were in a volcano.
You worshipped Okawaru.
Okawaru was extremely pleased with you.
You visited 3 branches of the dungeon, and saw 13 of its levels.
You also visited: Bailey and Volcano.

You collected 2259 gold pieces.
You spent 1040 gold pieces at shops.

Inventory:

Hand Weapons
 a - a +1 hand axe
 h - the +13 scythe of Curses (weapon) {drain, Drain}
   (You bought it in a shop on level 2 of the Dungeon)

   A truly terrible weapon, it drains the life of any living foe it strikes.
   It inflicts powerful necromantic curses on any living foe it strikes.
   Drain:     It drains your maximum health when unequipped.
 t - a +0 war axe
   (You took it off an orc on level 7 of the Dungeon)
 B - a +0 broad axe
   (You took it off a vault guard in a bailey)
 F - a +3 vorpal broad axe
   (You took it off Urug on level 10 of the Dungeon)
Armour
 b - a +0 leather armour
 f - a +1 scale mail
   (You found it on level 5 of the Dungeon)
 n - a +0 cloak (worn)
   (You found it on level 4 of the Dungeon)
 o - a +0 cloak
   (You found it on level 2 of the Dungeon)
 r - +0 steam dragon scales
   (You found it on level 6 of the Dungeon)
 J - the +4 ring mail of Life (worn) {Fly SInv}
   (Okawaru gifted it to you on level 10 of the Dungeon)

   SInv:      It lets you see invisible.
   Fly:       It grants you flight.
 K - a +0 pair of boots (worn)
   (You found it on level 9 of the Dungeon)
 Q - a scarf of shadows
   (You found it on level 1 of the Lair of Beasts)
Jewellery
 m - an amulet of faith (around neck)
   (You took it off a gnoll on level 4 of the Dungeon)
 s - a ring of see invisible (right hand)
   (You took it off an orc priest on level 6 of the Dungeon)
 u - a ring of magical power
   (You found it on level 7 of the Dungeon)
 y - an amulet of magic regeneration
   (You found it on level 7 of the Dungeon)
 z - a +4 ring of evasion (left hand)
   (You found it on level 8 of the Dungeon)
 O - a +4 ring of protection
   (You found it on level 1 of the Lair of Beasts)
Wands
 q - a wand of polymorph (8)
   (You found it on level 5 of the Dungeon)
 A - a wand of acid (3)
   (You found it on level 8 of the Dungeon)
 D - a wand of digging (10)
 I - a wand of iceblast (20)
   (You found it on level 3 of the Dungeon)
 P - a wand of paralysis (1)
   (You found it on level 9 of the Dungeon)
 V - a wand of flame (22)
   (You took it off Maggie on level 8 of the Dungeon)
Scrolls
 c - 3 scrolls of fog
 d - 3 scrolls of enchant weapon
 j - a scroll of torment
 v - 3 scrolls of vulnerability
 x - 2 scrolls of immolation
 C - 2 scrolls of summoning
 E - 2 scrolls of enchant armour
 L - 2 scrolls of noise {unknown}
 M - a scroll of magic mapping
 T - 2 scrolls of teleportation
Potions
 e - 2 potions of degeneration
 g - 4 potions of attraction
 i - a potion of lignification
 k - 3 potions of magic
 l - a potion of ambrosia
 p - a potion of brilliance
 w - a potion of cancellation
 G - a potion of invisibility {unknown}
 H - a potion of might {unknown}
Miscellaneous
 N - a condenser vane
   (You found it on level 1 of the Lair of Beasts)


   Skills:
 + Level 9.7(14.7) Fighting
 + Level 12.6(18.8) Axes
 + Level 7.7(15.3) Polearms
 + Level 8.1(13.1) Armour
 + Level 8.8(13.8) Dodging
 - Level 4.1(9.1) Stealth
 + Level 7.8(12.8) Shields
 - Level 5.0 Invocations
 + Level 4.9 Evocations


You had 11 spell levels left.
You didn't know any spells.
Your spell library contained the following spells:

 Spells                   Type           Power      Damage    Failure   Level
 Beastly Appendage        Tmut           0%         N/A       50%         1
 Pain                     Necr           0%         1d4       50%         1
 Slow                     Hex            0%         N/A       50%         1
 Sublimation of Blood     Necr           0%         N/A       63%         2
 Wereblood                Tmut           0%         N/A       63%         2
 Confusing Touch          Hex            0%         N/A       86%         3
 Spider Form              Tmut/Pois      0%         N/A       86%         3
 Vampiric Draining        Necr           0%         2d6       86%         3
 Passage of Golubria      Tloc           0%         N/A       99%         4
 Agony                    Necr           0%         N/A       100%        5
 Blade Hands              Tmut           0%         N/A       100%        5
 Excruciating Wounds      Necr           0%         N/A       100%        5
 Yara's Violent Unravell  Hex/Tmut       0%         3d3       100%        5
 Iron Shot                Conj/Erth      0%         9d1       100%        6
 Tukima's Dance           Hex            Unusable   N/A       N/A         3
 Animate Armour           Summ/Erth      Unusable   N/A       N/A         4
 Summon Hydra             Summ           Unusable   N/A       N/A         7

Dungeon Overview and Level Annotations

Branches:
Dungeon (10/15)            Temple (1/1) D:6            Lair (2/6) D:10
  Swamp (0/4) Lair:2       Bailey (visited)         Volcano (1/1)
  Snake: Lair:2-4    Spider: Lair:2-4       Orc: D:9-12

Altars:
Dithmenos
Fedhas
Hepliaklqana
Kikubaaqudgha
Makhleb
Okawaru
Qazlal
Trog
Uskayaw
Wu Jian
Yredelemnul
Zin

Shops:
D:2 (   D:8 (

Annotations:
D:5 3 runed translucent doors, thesequoiad's ghost, novice DsFi
D:9 2 transporters, nrm's ghost, journeyman MiMo
D:10 3 runed translucent doors, cpf86's ghost, journeyman MiBe Volcano exclusion: orc sorcerer


Message History

The hell hound is heavily wounded.
You slice the hell hound!!
You kill the hell hound!
Okawaru accepts your kill.
The air gets thick with the scent of sulphur.
You carefully extract the barbed spikes from your body.
The hell hound bites you but does no damage.
You slash the hell hound!
The hell hound is heavily wounded.
The hell hound completely misses you. The hell hound misses you.
You closely miss the hell hound.
The hell hound is heavily wounded.
In the distance, the volcano erupts with a roar.
The hell hound breathes flames at you. The blast of flame misses you.
You miss the hell hound.
The hell hound is heavily wounded.
The hell hound bites you but does no damage.
The hell hound pauses to sniff the ground.
The hell hound bites you but does no damage.
You slice the hell hound!!
You kill the hell hound!
Okawaru accepts your kill.
A red devil comes into view. It is wielding a +2 trident of flaming.
You reach to attack!
You hit the red devil but do no damage. The red devil misses you.
You reach to attack!
You hit the red devil.
The red devil is moderately wounded.
The red devil misses you.
A molten gargoyle comes into view. It is wielding a +0 morningstar.
You reach to attack!
You barely miss the red devil.
The red devil is lightly wounded.
The red devil hits you from afar with a +2 trident of flaming!
Barbed spikes become lodged in your body.
The red devil burns you.
You reach to attack!
You slash the red devil!
The red devil is heavily wounded.
The red devil misses you.
The red devil hits you from afar with a +2 trident of flaming!!
* * * LOW HITPOINT WARNING * * *
Barbed spikes become lodged in your body.
The red devil burns you.
* * * LOW HITPOINT WARNING * * *
You reach to attack!
You slice the red devil!!
You kill the red devil!
Okawaru accepts your kill.
The molten gargoyle blasts magma at you!
The bolt of magma misses you.
You reach to attack!
You hit the molten gargoyle but do no damage.
You can now deal lightning-fast blows.
The molten gargoyle hits you but does no damage.
You slice the molten gargoyle!!
The molten gargoyle is almost destroyed.
The molten gargoyle completely misses you.
You hit the molten gargoyle.
The molten gargoyle is almost destroyed.
You feel like a meek peon again.
The molten gargoyle blasts magma at you!
The bolt of magma hits you.
* * * LOW HITPOINT WARNING * * *
You hit the molten gargoyle.
The molten gargoyle is almost destroyed.
You hit the molten gargoyle.
You destroy the molten gargoyle!
Okawaru accepts your kill.
The barbs in your skin will harm you if you move.
Continue?
Okay, then.
You gain the combat prowess of a mighty hero.
You reach to attack!
You slice the orc sorcerer!! You drain the orc sorcerer.
The orc sorcerer looks incredibly listless.
The orc sorcerer seems to slow down.
The orc sorcerer is almost dead.
You carefully extract the barbed spikes from your body.
You closely miss the orc sorcerer.
The orc sorcerer is almost dead.
You barely miss the orc sorcerer.
The orc sorcerer is almost dead.
You slice the orc sorcerer!!
You kill the orc sorcerer!
Okawaru accepts your kill.
You start resting.
A sun demon comes into view.
The sun demon shouts!
You reach to attack!
You closely miss the sun demon. You slash the sun demon!
The sun demon is moderately wounded.
The sun demon hits you!!
* * * LOW HITPOINT WARNING * * *
You are engulfed in flames!
* * * LOW HITPOINT WARNING * * *
You are too injured to fight recklessly!
Okay, then.
You are too injured to fight recklessly!
You hit the sun demon but do no damage.
The sun demon is moderately wounded.
The sun demon hits you!!
* * * LOW HITPOINT WARNING * * *
You are engulfed in flames!
You die...

..##...## . #8.8#
##.## #.#
########'##
##....##...#
#$..)..'.∩.+.h...$
#.8..)3#...#.⌠..8$
#....)@##+##.....$
##....## ....#
###8## #8### #)..
[# .$$$# o ######


You could see a sun demon.

Vanquished Creatures
  A fire dragon (D:10)
  2 vault guards (Bailey)
  Urug (D:10)
  Pikel (D:6)
  An orc sorcerer (Volcano)
  An ugly thing (Volcano)
  A molten gargoyle (Volcano)
  Joseph (D:7)
  A cane toad (Lair:1)
  Psyche (D:8)
  Maggie (D:8)
  An unseen horror (D:6)
  2 red devils (Volcano)
  A hornet (D:10)
  2 trolls (D:9)
  Prince Ribbit (Bailey)
  A wyvern (D:8)
  5 fire bats (Volcano)
  13 yaks
  A steam dragon (D:6)
  3 humans (Bailey)
  Menkaure (D:6)
  Edmund (D:4)
  An acid dragon (D:8)
  2 hell hounds (Volcano)
  3 water moccasins
  Duvessa (D:4)
  11 orc warriors
  A black bear (D:5)
  A necrophage (D:3)
  4 ogres
  A centaur (D:8)
  2 sky beasts
  3 phantoms
  3 kobold brigands
  15 bullfrogs
  2 scorpions
  A wyvern zombie (D:7)
  Dowan (D:3)
  A water moccasin skeleton (D:4)
  16 killer bees
  9 wights
  4 howler monkeys
  A centaur zombie (D:8)
  4 lava snakes (Volcano)
  A hound (D:4)
  3 jellies
  A gnoll shaman (D:6)
  9 orc priests
  2 centaur skeletons
  5 iguanas
  2 hell rats (Lair:1)
  6 orc wizards
  A killer bee zombie (D:7)
  14 gnolls
  2 howler monkey zombies
  10 adders
  A shadow imp (D:5)
  A white imp (D:6)
  An ufetubus (D:5)
  2 worms (D:3)
  3 dart slugs
  46 orcs
  7 endoplasms
  4 giant cockroaches
  17 goblins
  4 hobgoblins
  4 jackals (D:5)
  17 kobolds
  4 quokkas
  4 ball pythons
  5 bats
  5 frilled lizards
  6 rats
318 creatures vanquished.

Vanquished Creatures (others)
  An orc (D:10)
  9 fungi
  3 plants (D:4)
13 creatures vanquished.

Grand Total: 331 creatures vanquished

Notes
Turn   | Place    | Note
-------+----------+-------------------------------------------
     0 | D:5      | Dani the Hill Orc Delver began the quest for the Orb.
     0 | D:5      | Reached XP level 1. HP: 19/19 MP: 1/1
    56 | D:5      | Reached skill level 3 in Axes
   205 | D:5      | Noticed a howler monkey
   207 | D:5      | Noticed an ogre
   207 | D:5      | Noticed thesequoiad's ghost (novice DsFi)
   209 | D:5      | Found a runed translucent gate.
   209 | D:5      | Found a runed translucent gate.
   209 | D:5      | Found a runed translucent gate.
   209 | D:5      | Noticed an ogre
   237 | D:4      | Found a blossoming altar of Fedhas.
   248 | D:3      | Reached XP level 2. HP: 26/26 MP: 2/2
   280 | D:3      | Reached skill level 4 in Axes
   477 | D:2      | Reached XP level 3. HP: 23/31 MP: 3/3
   815 | D:1      | Reached skill level 5 in Axes
  1038 | D:1      | Reached XP level 4. HP: 39/39 MP: 4/4
  1944 | D:2      | Reached skill level 6 in Axes
  2288 | D:2      | Found Namnies's Weapon Boutique.
  2700 | D:3      | Reached XP level 5. HP: 45/45 MP: 5/5
  2748 | D:3      | Found a faded altar of an unknown god.
  2762 | D:3      | Reached skill level 7 in Axes
  3262 | D:3      | Noticed a necrophage
  3273 | D:3      | Killed a necrophage
  3274 | D:3      | Reached skill level 8 in Axes
  3274 | D:3      | Reached XP level 6. HP: 50/52 MP: 6/6
  3592 | D:3      | Reached skill level 1 in Armour
  3674 | D:4      | HP: 11/52 [gnoll (6)]
  3975 | D:3      | Reached skill level 4 in Fighting
  4058 | D:4      | Reached skill level 2 in Dodging
  4405 | D:4      | Reached XP level 7. HP: 49/59 MP: 7/7
  4413 | D:4      | Noticed Dowan
  4532 | D:3      | Reached skill level 2 in Armour
  4956 | D:4      | Identified a scroll of acquirement
  4957 | D:4      | Acquired 1102 gold pieces
  5028 | D:2      | Bought the +13 scythe of Curses {drain, Drain} for 1040
                  | gold pieces
  5028 | D:2      | Found the +13 scythe of Curses {drain, Drain}
  5054 | D:4      | Noticed Duvessa
  5057 | D:4      | Killed Duvessa
  5058 | D:4      | Reached skill level 1 in Polearms
  5066 | D:3      | Killed Dowan
  5067 | D:3      | Reached skill level 1 in Shields
  5334 | D:4      | Noticed Edmund
  5347 | D:4      | Killed Edmund
  5348 | D:4      | Reached skill level 5 in Fighting
  5348 | D:4      | Reached skill level 9 in Axes
  5348 | D:4      | Reached XP level 8. HP: 68/68 MP: 8/8
  5399 | D:4      | Acquired a manual of Dodging
  5404 | D:4      | Reached skill level 3 in Dodging
  5414 | D:4      | Reached skill level 2 in Polearms
  5414 | D:4      | Reached skill level 3 in Armour
  5771 | D:5      | Reached skill level 2 in Shields
  5773 | D:5      | Found a hide-covered altar of Uskayaw.
  5775 | D:5      | Found a stormy altar of Qazlal.
  6305 | D:6      | Found a staircase to the Ecumenical Temple.
  6314 | D:6      | Reached skill level 3 in Polearms
  6319 | Temple   | Entered the Ecumenical Temple
  6383 | Temple   | Became a worshipper of Warmaster Okawaru
  6406 | D:6      | Reached skill level 4 in Dodging
  6409 | D:6      | Reached skill level 3 in Shields
  6415 | D:6      | Reached skill level 4 in Armour
  6419 | D:6      | Reached skill level 6 in Fighting
  6419 | D:6      | Reached XP level 9. HP: 41/75 MP: 9/9
  6428 | D:6      | HP: 14/74 [something (8)]
  6435 | D:6      | HP: 16/74 [something (8)]
  6791 | D:7      | Noticed Pikel
  6804 | D:6      | Killed Pikel
  6804 | D:6      | Reached * piety under Okawaru
  6805 | D:6      | Reached skill level 10 in Axes
  6805 | D:6      | Reached skill level 4 in Polearms
  6805 | D:6      | Reached skill level 5 in Dodging
  6890 | D:6      | Killed an unseen horror
  6891 | D:6      | Reached skill level 4 in Shields
  7260 | D:6      | Reached ** piety under Okawaru
  7261 | D:6      | Reached skill level 5 in Armour
  7280 | D:6      | Noticed Menkaure
  7282 | D:6      | HP: 14/78 [??? (12)]
  7298 | D:6      | HP: 8/78 [orc warrior (10)]
  7343 | D:5      | HP: 14/78 [orc warrior (4)]
  7744 | D:6      | Killed Menkaure
  7895 | D:6      | Reached skill level 7 in Fighting
  8183 | D:6      | Found a hazy altar of Hepliaklqana.
  8292 | D:6      | Reached skill level 5 in Polearms
  8292 | D:6      | Reached XP level 10. HP: 86/86 MP: 10/10
  8336 | D:6      | Reached skill level 6 in Dodging
  8397 | D:6      | Reached skill level 5 in Shields
  8483 | D:7      | Found an ornate altar of the Wu Jian Council.
  8543 | D:7      | Noticed Joseph
  8565 | D:7      | Killed Joseph
  9343 | D:8      | Noticed Psyche
  9349 | D:8      | Killed Psyche
  9349 | D:8      | Reached *** piety under Okawaru
  9350 | D:8      | Reached skill level 11 in Axes
  9350 | D:8      | Reached skill level 6 in Armour
  9350 | D:8      | Reached skill level 1 in Invocations
  9350 | D:8      | Reached skill level 1 in Evocations
  9410 | D:8      | Found a flagged portal.
  9454 | Bailey   | Entered a bailey
  9531 | Bailey   | Reached skill level 2 in Invocations
  9802 | Bailey   | Reached **** piety under Okawaru
  9803 | Bailey   | Reached skill level 8 in Fighting
  9879 | Bailey   | Noticed a vault guard
  9879 | Bailey   | Noticed Prince Ribbit
  9885 | Bailey   | Killed Prince Ribbit
  9892 | Bailey   | Killed a vault guard
  9893 | Bailey   | Reached skill level 6 in Polearms
  9893 | Bailey   | Reached skill level 7 in Dodging
  9893 | Bailey   | Reached skill level 6 in Shields
  9893 | Bailey   | Reached skill level 3 in Invocations
  9893 | Bailey   | Reached skill level 2 in Evocations
 10041 | Bailey   | Noticed a vault guard
 10049 | Bailey   | Killed a vault guard
 10050 | Bailey   | Reached XP level 11. HP: 92/95 MP: 11/13
 10208 | Bailey   | Acquired 545 gold pieces
 10443 | D:8      | Noticed Maggie
 10451 | D:8      | Killed Maggie
 10451 | D:8      | Reached ***** piety under Okawaru
 10452 | D:8      | Reached skill level 3 in Evocations
 10530 | D:8      | Reached skill level 4 in Invocations
 10548 | D:8      | Found Imei's Weapon Shop.
 10615 | D:8      | Found a bloodstained altar of Trog.
 10905 | D:9      | Reached skill level 7 in Armour
 11213 | D:9      | Found a transporter.
 11213 | D:9      | Noticed a two-headed ogre
 11213 | D:9      | Noticed nrm's ghost (journeyman MiMo)
 11214 | D:9      | Noticed a two-headed ogre
 11215 | D:9      | Noticed a two-headed ogre
 11268 | D:9      | Found a transporter.
 11475 | D:9      | Found a basalt altar of Yredelemnul.
 11595 | D:9      | Identified the +3 giant club "Faustoec" {vorpal, +Blink
                  | Int+4 Stlth-}
 11595 | D:9      | Noticed a two-headed ogre
 11618 | D:10     | Entered Level 10 of the Dungeon
 11636 | D:10     | Found a runed translucent gate.
 11637 | D:10     | Found a runed translucent gate.
 11640 | D:10     | Found a runed translucent gate.
 11648 | D:10     | Noticed cpf86's ghost (journeyman MiBe)
 11878 | D:10     | Reached skill level 12 in Axes
 12228 | D:10     | Reached skill level 9 in Fighting
 12228 | D:10     | Reached skill level 8 in Dodging
 12232 | D:10     | Reached skill level 5 in Invocations
 12234 | D:10     | Reached skill level 7 in Polearms
 12234 | D:10     | Reached skill level 7 in Shields
 12487 | D:10     | Found a staircase to the Lair.
 12487 | D:10     | Noticed a fire dragon
 12494 | D:10     | Killed a fire dragon
 12495 | D:10     | Reached skill level 4 in Evocations
 12606 | D:10     | Noticed Urug
 12610 | D:10     | HP: 20/97 [Urug (7)]
 12613 | D:10     | Paralysed by a hornet for 3 turns
 12615 | D:10     | HP: 17/97 [poisoned by a hornet]
 12951 | D:10     | Killed Urug
 12951 | D:10     | Identified the +4 ring mail of Life {Fly SInv} (Okawaru
                  | gifted it to you on level 10 of the Dungeon)
 12951 | D:10     | Received a gift from Okawaru
 12952 | D:10     | Reached XP level 12. HP: 68/104 MP: 13/15
 13155 | D:10     | Found a burning altar of Makhleb.
 13155 | D:10     | Found a glowing silver altar of Zin.
 13156 | D:10     | Noticed an angel
 13156 | D:10     | Noticed a cacodemon
 13601 | Lair:1   | Entered Level 1 of the Lair of Beasts
 13693 | Lair:1   | You are sucked into a shaft and drop 1 floor!
 13767 | Lair:2   | Found a staircase to the Swamp.
 13802 | Lair:2   | Found a dark tunnel.
 13817 | Volcano  | Entered a volcano
 14101 | Volcano  | Reached skill level 8 in Armour
 14157 | Volcano  | Noticed a sun demon
 14161 | Volcano  | HP: 24/106 [sun demon (15)]
 14162 | Volcano  | HP: 4/106 [sun demon (20)]
 14162 | Volcano  | Mangled by a sun demon

Illustrated notes

Levels and vault maps discovered:
D:1:      minmay_arrival_loop, layout_basic, roderic_serpentine_path
D:2:      layout_basic, serial_shops, nicolae_shop_hallway_plus
D:3:      layout_loops_ring, nicolae_ecumenical_snake_handling
D:4:      layout_cave_pools, fedhas_altar_3, hangedman_decor_riveting,
          kennysheep_generic_room_3, uniq_edmund, uniq_duvessa
D:5:      layout_loops_ring, nicolae_overflow_hidden_temple,
          gammafunk_ghost_split
D:6:      layout_basic, worldfamousw_hep_ancestral_shrine,
          minmay_temple_entry_glass, uniq_menkaure
D:7:      layout_basic, mainiacjoe_overflow_cross_hatched, uniq_pikel,
          uniq_joseph
D:8:      layout_cave_pools, trog_butcher_becter, enter_bailey_3, serial_shops,
          nicolae_shop_crystal, uniq_maggie, uniq_psyche
D:9:      layout_basic, mainiacjoe_overflow_surrounded_room,
          gammafunk_ghost_smash
D:10:     layout_gridville, grunt_temple_overflow_order_and_chaos_2,
          minmay_lair_entry_lava, special_room [special_room_orc],
          gammafunk_ghost_necromancy, uniq_urug
Temple:   hc_temple_tempest_star
Lair:1:   layout_cave_shapes, nicolae_lair_run_with_the_wolves,
          grunt_megastairs_4, serial_bayou_shore_a, uniq_gastronok, uniq_fannar,
          uniq_nergalle
Lair:2:   layout_regular_city, swamp_mist, gammafunk_ghost_icy,
          nicolae_volcano_entry_lava_flow
Volcano:  volcano_grotto [vgs_many_chambers]

Skill      XL: |  1  2  3  4  5  6  7  8  9 10 11 12 |
---------------+-------------------------------------+-----
Axes           | 3 4 5 6 8 9 10 11 12 | 12.6
Armour         | 1 2 4 5 6 7 8 |  8.1
Fighting       | 4 5 6 7 8 9 |  9.7
Dodging        | 2 4 5 7 8 |  8.8
Polearms       | 1 3 5 6 7 |  7.7
Shields        | 1 3 4 6 7 |  7.8
Invocations    | 3 5 |  5.0
Evocations     | 2 4 |  4.9
Stealth        | |  4.1

Action                   |  1- 3 |  4- 6 |  7- 9 | 10-12 || total
-------------------------+-------+-------+-------+-------++-------
Melee: Hand axe          |    70 |   196 |    33 |       ||   299
       Punch             |     2 |     3 |       |       ||     5
       Scythe            |       |       |   103 |   399 ||   502
Invok: Heroism           |       |       |     1 |    21 ||    22
       Finesse           |       |       |       |     1 ||     1
  Use: Scroll            |       |     9 |     3 |    10 ||    22
       Potion            |       |     1 |     2 |     3 ||     6
 Stab: Sleeping          |       |     1 |     1 |     2 ||     4
       Distracted        |       |       |       |     2 ||     2
Armor: Scale mail        |    29 |    93 |    77 |    79 ||   278
       Ring mail         |       |       |       |    24 ||    24
Dodge: Dodged            |    29 |    85 |    72 |   337 ||   523

Table legend: (Time is in decaauts)
 A = Elapsed time spent in this place.
 B = Non-inter-level travel time spent in this place.
 C = Inter-level travel time spent in this place.
 D = Time resting spent in this place.
 E = Time spent auto-exploring this place.
 F = Levels seen in this place.
 G = Mean time per level.
                   A        B        C        D        E       F      G
               +--------+--------+--------+--------+--------+-----+--------+
         Total |  14410 |  13792 |    618 |   1632 |   9285 |  15 |  960.7 |
       Dungeon |  12952 |  12364 |    588 |   1216 |   8729 |  10 | 1295.2 |
        Temple |     80 |     50 |     30 |      0 |     46 |   1 |   80.0 |
          Lair |    222 |    222 |      0 |      0 |    116 |   2 |  111.0 |
        Bailey |    800 |    800 |      0 |    230 |    394 |   1 |  800.0 |
       Volcano |    353 |    353 |      0 |    186 |      0 |   1 |  353.0 |
               +--------+--------+--------+--------+--------+-----+--------+

Top non-repeatable levels by time:
     D:3: 2184 daAuts
    D:10: 1758 daAuts
     D:5: 1669 daAuts
     D:2: 1286 daAuts
     D:9: 1209 daAuts
     D:6: 1195 daAuts
     D:4: 1067 daAuts
     D:1: 993 daAuts
     D:7: 945 daAuts
  Bailey: 800 daAuts
     D:8: 642 daAuts
 Volcano: 353 daAuts
  Lair:2: 126 daAuts
  Lair:1: 96 daAuts
  Temple: 80 daAuts

Table legend:
 A = Kills in this place as a percentage of kills in entire the game.
 B = Kills by you in this place as a percentage of kills by you in the entire game.
 C = Kills by friends in this place as a percentage of kills by friends in the entire game.
 D = Other kills in this place as a percentage of other kills in the entire game.
 E = Experience gained in this place as a percentage of experience gained in the entire game.
 F = Experience gained in this place divided by the number of levels of this place that you have seen.
                   A       B       C       D       E      F
               +-------+-------+-------+-------+-------+----------------------
         Total | 100.0 | 100.0 |   N/A |   N/A | 100.0 | 1606.2
       Dungeon |  84.9 |  84.9 |   N/A |   N/A |  64.6 | 1556.9
          Lair |   2.2 |   2.2 |   N/A |   N/A |   4.0 | 481.0
        Bailey |   7.9 |   7.9 |   N/A |   N/A |  16.2 | 3901.0
       Volcano |   5.0 |   5.0 |   N/A |   N/A |  15.2 | 3661.0
               +-------+-------+-------+-------+-------+----------------------
